 Dungeon Crawl Stone Soup version 0.19.0-16-g73b5abf (webtiles) character file.

190 tsouns the Firebug (level 5, -1/28 HPs)
             Began as a Tengu Fire Elementalist on Nov 10, 2016.
             Killed by divine providence
             ... invoked by an orc priest
              (13 damage)
             ... on level 4 of the Dungeon.
             The game lasted 00:07:18 (2854 turns).

tsouns the Firebug (Tengu Fire Elementalist)        Turns: 2854, Time: 00:07:19

Health: -1/28      AC:  2    Str:  8    XL:     5   Next: 69%
Magic:  5/10       EV: 12    Int: 16    God:
Gold:   202        SH:  4    Dex: 15    Spells: 3 memorised, 3 levels left

rFire  . . .     SeeInvis .     i - +2 dagger (venom)
rCold  . . .     Gourm    .     a - +0 robe
rNeg   . . .     Faith    .     h - +0 buckler
rPois  .         Spirit   .     (helmet restricted)
rElec  .         Reflect  .     (no cloak)
rCorr  .         Harm     .     (no gloves)
MR     .....                    (boots unavailable)
Stlth  ++........               (no amulet)
                                (no ring)
                                (no ring)

@: no status effects
A: beak, talons 3, able to fly 1
a: Fly


You were on level 4 of the Dungeon.
You were not hungry.

You visited 1 branch of the dungeon, and saw 4 of its levels.

You collected 202 gold pieces.

Inventory:

Hand Weapons
 e - a +0 spear
 i - a +2 dagger of venom (weapon)
Missiles
 n - 86 stones (quivered)
Armour
 a - a +0 robe (worn)
 h - a +0 buckler (worn)
Wands
 y - a wand of enslavement (17/24)
 A - a wand of digging (17/24)
Scrolls
 g - 7 scrolls of remove curse {unknown}
 j - 4 scrolls of identify {unknown}
 k - 2 scrolls of random uselessness {unknown}
 q - 2 scrolls of fog {unknown}
 t - a scroll of amnesia {unknown}
 u - a scroll of teleportation {unknown}
 x - 2 scrolls of enchant weapon {unknown}
 z - a scroll of immolation {unknown}
Potions
 d - a potion of mutation {unknown}
 f - a potion of heal wounds {unknown}
 m - a potion of beneficial mutation {unknown}
 o - a potion of invisibility {unknown}
 p - a potion of curing {unknown}
 r - 2 potions of brilliance {unknown}
 v - a potion of magic {unknown}
 w - 2 potions of lignification {unknown}
Books
 b - a book of Flames

   Spells                             Type                      Level
   a - Flame Tongue                   Conjuration/Fire             1
   b - Throw Flame                    Conjuration/Fire             2
   c - Conjure Flame                  Conjuration/Fire             3
   d - Inner Flame                    Hexes/Fire                   3
   e - Sticky Flame                   Conjuration/Fire             4
   f - Fireball                       Conjuration/Fire             5
Comestibles
 c - 2 bread rations
 l - a meat ration
 s - 3 fruits
 B - a royal jelly


   Skills:
 - Level 2.1 Dodging
 + Level 2.8 Stealth
 - Level 1.5 Shields
 + Level 2.9 Spellcasting
 + Level 4.1 Conjurations
 + Level 4.2 Fire Magic


You had 3 spell levels left.
You knew the following spells:

 Your Spells              Type           Power        Failure   Level  Hunger
a - Flame Tongue          Conj/Fire      ###..        6%          1    #......
b - Throw Flame           Conj/Fire      ###...       10%         2    ##.....
c - Conjure Flame         Conj/Fire      ###.....     17%         3    ###....


Dungeon Overview and Level Annotations

Branches:
Dungeon (4/15)
 Temple: D:4-7

Altars:
Elyvilon
Fedhas
Hepliaklqana
Nemelex Xobeh
Qazlal
Sif Muna
Yredelemnul


Innate Abilities, Weirdness & Mutations

You have a beak for a mouth.
You have claws for feet.
You can fly.


Message History

The flame tongue hits the orc priest.
The orc priest appears unharmed.
The orc priest is lightly wounded.
You hear a shout!
Casting: Flame Tongue
Confirm with . or Enter, or press ? or * to list all spells.
Aiming: Flame Tongue
Press: ? - help, Shift-Dir - straight line, f/p - orc priest
Aim: an orc priest, wielding a dagger and wearing a ring mail (lightly wounded)
The flame tongue hits the orc priest.
The orc priest appears unharmed.
The orc priest is lightly wounded.
Casting: Flame Tongue
Confirm with . or Enter, or press ? or * to list all spells.
Aiming: Flame Tongue
Press: ? - help, Shift-Dir - straight line, f/p - orc priest
Aim: an orc priest, wielding a dagger and wearing a ring mail (lightly wounded)
The flame tongue hits the orc.
The orc is severely wounded.
The orc priest mumbles some strange prayers to Beogh against you.
Beogh smites you!
You die...

#.###### #.###.#.# #.
#.##.###. # #.#.## ##
#....# #. ## #####
#####.#.# .. ...# #.#
##.###.#### ##
#ooo......#
#<###@[##.# #..##.#
#..##.# #..##.# .
#..##.# ..##.....#
.......#.# ###
.......[#.######.## #
................#.####


You could see an orc priest, an orc wizard (wandering) and an orc.

Vanquished Creatures
  A crimson imp (D:3)
  A worker ant (D:4)
  7 adders
  An adder skeleton (D:4)
  A worm (D:3)
  2 dart slugs (D:2)
  3 orcs
  4 giant cockroaches
  10 hobgoblins
  5 jackals
  A quokka (D:3)
  4 bats
  A frilled lizard (D:4)
  8 goblins
  5 kobolds
  5 rats
59 creatures vanquished.

Notes
Turn   | Place    | Note
-------+----------+-------------------------------------------
     0 | D:1      | tsouns the Tengu Fire Elementalist began the quest for the Orb.
     0 | D:1      | Reached XP level 1. HP: 10/10 MP: 4/4
   131 | D:1      | Reached XP level 2. HP: 15/15 MP: 3/6
   293 | D:1      | Learned a level 2 spell: Throw Flame
   457 | D:1      | Reached skill level 1 in Shields
   629 | D:1      | Reached XP level 3. HP: 9/19 MP: 3/7
  1001 | D:2      | Reached XP level 4. HP: 23/24 MP: 0/8
  1283 | D:2      | Found a hazy altar of Hepliaklqana.
  1284 | D:2      | Found a basalt altar of Yredelemnul.
  1286 | D:2      | Found a white marble altar of Elyvilon.
  1286 | D:2      | Found a blossoming altar of Fedhas.
  1293 | D:2      | Found a stormy altar of Qazlal.
  1293 | D:2      | Found a sparkling altar of Nemelex Xobeh.
  1967 | D:3      | Gained mutation: You can fly. [Tengu growth]
  1967 | D:3      | Reached XP level 5. HP: 23/28 MP: 8/10
  2277 | D:4      | Found a deep blue altar of Sif Muna.
  2325 | D:4      | Learned a level 3 spell: Conjure Flame
  2627 | D:4      | Noticed a sky beast
  2854 | D:4      | Killed from afar by an orc priest

Skill      XL: |  1  2  3  4  5 |
---------------+----------------+-----
Conjurations   | 2 3 4 |  4.1
Shields        | 1 |  1.5
Fire Magic     | 4 |  4.2
Dodging        | |  2.1
Stealth        | |  2.8
Spellcasting   | |  2.9

Action                   |  1- 3 |  4- 6 || total
-------------------------+-------+-------++-------
Melee: Spear             |     8 |       ||     8
       Dagger            |       |    28 ||    28
       Kick              |       |     5 ||     5
       Peck              |       |     4 ||     4
 Cast: Flame Tongue      |    42 |    70 ||   112
       Conjure Flame     |       |     1 ||     1
       Throw Flame       |       |     1 ||     1
 Stab: Sleeping          |       |     1 ||     1
  Eat: Chunk             |     1 |     6 ||     7
Armor: Robe              |     5 |     4 ||     9
Dodge: Dodged            |    14 |    26 ||    40
Block: Buckler           |       |     7 ||     7
